 Dungeon Crawl Stone Soup version 0.30.0-29-ga12c61a403 (webtiles) character file.

Game seed: 2930586190927690905

711 belegose the Trooper (level 8, 0/58 HPs)
             Began as a Djinni Hexslinger on June 10, 2023.
             Slain by Maggie
             ... wielding a +0 glaive
              (5 damage)
             ... on level 6 of the Dungeon.
             The game lasted 00:15:40 (4922 turns).

belegose the Trooper (Djinni Hexslinger)            Turns: 4922, Time: 00:15:40

Health: 0/58       AC:  6    Str: 11    XL:     8   Next: 0%
Gold:   350        EV: 12    Int: 14    God:
                   SH:  5    Dex: 15

rFire   + + +        b - +1 spear (venom)
rCold   x . .        g - +0 buckler
rNeg    . . .        d - +0 robe {rF+}
rPois   ∞            n - +0 helmet
rElec   .            x - +2 cloak "Fuumpipn" {MP+9}
rCorr   .            (no gloves)
SInv    .            (boots unavailable)
Will    +....        (no amulet)
Stlth   +            v - ring of willpower
HPRegen 0.29/turn    (no ring)
MPRegen 0.00/turn

%: infuse magic (-1 HP)
@: brilliant, flying
A: sickness immunity, fire resistance 2, cold vulnerability 1, float, innate
caster, HP casting, extra vitality 1
a: no special abilities


You were on level 6 of the Dungeon.
You visited 1 branch of the dungeon, and saw 6 of its levels.

You collected 350 gold pieces.

Inventory:

Hand Weapons
 a - a +1 sling
 b - a +1 spear of venom (weapon)
Missiles
 e - 6 poisoned darts (quivered)
 p - 4 javelins
Armour
 d - a +0 robe of fire resistance (worn)
 g - a +0 buckler (worn)
 n - a +0 helmet (worn)
 x - the +2 cloak "Fuumpipn" (worn) {MP+9}
   (You found it on level 4 of the Dungeon)

   MP:        It affects your magic capacity (+9).
 D - the +0 robe of Picegres {*Corrode +Blink rC++ Int+2}
   (You found it on level 6 of the Dungeon)

   Int:       It affects your intelligence (+2).
   rC:        It greatly protects you from cold.
   +Blink:    It lets you blink.
   *Corrode:  It may corrode you when you take damage.
Magical Staves
 A - a staff of cold
Jewellery
 v - a ring of willpower (left hand)
Scrolls
 i - 2 scrolls of enchant weapon {unknown}
 j - a scroll of vulnerability {unknown}
 l - a scroll of teleportation {unknown}
 m - 2 scrolls of poison
 o - 2 scrolls of brand weapon {unknown}
 r - a scroll of enchant armour {unknown}
 t - 3 scrolls of identify {unknown}
 w - a scroll of amnesia {unknown}
 y - a scroll of fear {unknown}
 B - a scroll of blinking {unknown}
Potions
 c - 2 potions of degeneration {unknown}
 f - 2 potions of brilliance
 h - a potion of might {unknown}
 k - a potion of heal wounds {unknown}
 q - a potion of cancellation {unknown}
 s - a potion of mutation {unknown}
 u - a potion of invisibility {unknown}
 z - a potion of attraction {unknown}
 C - a potion of magic {unknown}


   Skills:
 - Level 4.0 Fighting
 + Level 3.7 Ranged Weapons
 - Level 2.4 Dodging
 + Level 3.7 Shields
 + Level 3.9 Spellcasting


You knew the following spells:

 Your Spells              Type           Power      Damage    Failure   Level
a - Foxfire               Conj/Fire      80%        2x1d8     5%          1
b - Inner Flame           Hex/Fire       20%        N/A       16%         3
c - Portal Projectile     Hex/Tloc       40%        N/A       16%         3
d - Cause Fear            Hex            10%        N/A       47%         4
e - Slow                  Hex            80%        N/A       5%          1
f - Searing Ray           Conj           40%        2d5       9%          2
g - Vampiric Draining     Necr           20%        2d7       16%         3
Your spell library was empty.

Dungeon Overview and Level Annotations

Branches:
Dungeon (6/15)
 Temple: D:4-7

Altars:
Elyvilon
Uskayaw

Shops:
D:4 :

Annotations:
D:5 exclusion: ogre
D:6 Maggie


Innate Abilities, Weirdness & Mutations

You are immune to sickness and miasma.
You are immune to poison.
Your flesh is very heat resistant. (rF++)
You are vulnerable to cold. (rC-)
You float through the air rather than walking.
You learn spells naturally, not from books.
Your magical power is your life essence.
You have superior vitality. (+4 MHP)


Message History

Casting: Searing Ray (safe; 9% risk of failure)
Confirm with . or Enter, or press ? or * to list all spells.
Aiming: Searing Ray (safe; 9% risk of failure)
Press: ? - help, Shift-Dir - straight line, f/p - Maggie
Aim: Maggie, wielding a +0 glaive and wearing +0 swamp dragon scales (heavily wounded, 81% to hit)
You feel a surge of power!
The searing ray hits Maggie.
Maggie is severely wounded. (Press . to maintain the ray.)
* * * LOW HITPOINT WARNING * * *
Maggie mumbles some strange words.
Maggie attempts to bespell you! You resist.
The searing ray hits Maggie.
Maggie is severely wounded.
* * * LOW HITPOINT WARNING * * *
Maggie mumbles some strange words.
Maggie attempts to bespell you! You resist with almost no effort.
Unknown command.
The searing ray hits Maggie.
Maggie is severely wounded.
* * * LOW HITPOINT WARNING * * *
Maggie mumbles some strange words.
Maggie attempts to bespell you! You resist with almost no effort.
Unknown command.
Casting: Searing Ray (safe; 9% risk of failure)
Confirm with . or Enter, or press ? or * to list all spells.
Restarting spell: Searing Ray (safe; 9% risk of failure)
Press: ? - help, Shift-Dir - straight line, f/p - Maggie
Aim: Maggie, wielding a +0 glaive and wearing +0 swamp dragon scales (severely wounded, 81% to hit)
You feel a surge of power!
The searing ray hits Maggie but does no damage.
Maggie is severely wounded. (Press . to maintain the ray.)
* * * LOW HITPOINT WARNING * * *
Maggie hits you from afar with a +0 glaive.
* * * LOW HITPOINT WARNING * * *
The searing ray hits Maggie!
Maggie is almost dead.
* * * LOW HITPOINT WARNING * * *
Maggie hits you from afar with a +0 glaive.
You die...

#.### #.§§# ###§# #§#
#§# #☼# #@# #§#
########## #@#
#........#### #§#
##.###.......###☼###
#...##.##.##.#.§§§>#
..#....##.##.#.§o§.##.#
#...(.........§☼§§☼...#
.......#####.#☼§§☼☼####
######.#####.#☼§§§§#
#<......#######


You could see Maggie and an orc priest.

Vanquished Creatures
  2 ogres
  A phantom (D:4)
  2 scorpions
  A hound (D:4)
  2 iguanas (D:4)
  2 orc wizards
  Robin (D:2)
  6 adders
  5 gnolls
  2 worms
  A dart slug (D:1)
  15 orcs
  6 endoplasms
  A giant cockroach (D:4)
  17 goblins
  5 hobgoblins
  4 jackals
  A quokka (D:1)
  9 ball pythons
  6 bats
  2 frilled lizards
  5 kobolds
  7 rats
103 creatures vanquished.

Vanquished Creatures (others)
  59 foxfires
59 creatures vanquished.

Grand Total: 162 creatures vanquished

Notes
Turn   | Place    | Note
-------+----------+-------------------------------------------
     0 | D:1      | belegose the Djinni Hexslinger began the quest for the Orb.
     0 | D:1      | belegose set off with the following spells memorised: Slow,
                  | Inner Flame, Portal Projectile, Cause Fear.
     0 | D:1      | Reached XP level 1. HP: 17/17 MP: 0/0
   114 | D:1      | Reached XP level 2. HP: 22/22 MP: 0/0
   517 | D:1      | Reached XP level 3. HP: 27/27 MP: 0/0
   517 | D:1      | Learned a level 1 spell: Foxfire
   677 | D:1      | Reached skill level 1 in Shields
   865 | D:2      | Reached XP level 4. HP: 33/33 MP: 0/0
   943 | D:2      | Reached skill level 2 in Fighting
   963 | D:2      | Noticed Robin
   974 | D:2      | Killed Robin
  2116 | D:3      | Reached XP level 5. HP: 37/38 MP: 0/0
  2116 | D:3      | Learned a level 2 spell: Searing Ray
  2804 | D:4      | Identified the +2 cloak "Fuumpipn" {MP+9}
  2849 | D:4      | Noticed a phantom
  2873 | D:4      | Killed a phantom
  2874 | D:4      | Reached XP level 6. HP: 27/45 MP: 0/0
  3088 | D:4      | Reached skill level 3 in Fighting
  3162 | D:4      | Found Sounauck's Book Shoppe.
  3164 | D:4      | Noticed an ogre
  3181 | D:4      | Killed an ogre
  3271 | D:4      | Found a white marble altar of Elyvilon.
  3539 | D:4      | Reached XP level 7. HP: 45/50 MP: 0/0
  3539 | D:4      | Learned a level 3 spell: Vampiric Draining
  3777 | D:5      | Entered Level 5 of the Dungeon
  4292 | D:5      | Identified the +0 robe "Ulluu" {-Cast rElec rF+ SInv}
  4340 | D:5      | Found a hide-covered altar of Uskayaw.
  4682 | D:5      | Reached skill level 4 in Fighting
  4845 | D:6      | Reached XP level 8. HP: 56/58 MP: 0/0
  4874 | D:6      | Identified the +0 robe of Picegres {*Corrode +Blink rC++
                  | Int+2}
  4889 | D:6      | Noticed Maggie
  4922 | D:6      | Slain by Maggie

Illustrated notes

Levels and vault maps discovered:
D:1:      wander_arrival_lonely_grave, layout_basic
D:2:      layout_loops_ring, uniq_robin
D:3:      layout_basic
D:4:      layout_basic, elyvilon_altar_5, serial_shops, shop,
          minmay_misc_feat_plants, eino_tiny_chamber, minmay_circle_x
D:5:      layout_basic, nicolae_uskayaw_murder_on_the_dancefloor
D:6:      layout_loops_ring, minmay_temple_entry_waves, corexii_shack,
          corexii_item_surrounded_by_moat, minivault_23, minmay_misc_feat_x,
          grunt_ministairs_11, uniq_grinder, uniq_menkaure, uniq_maggie,
          uniq_pikel, uniq_duvessa

Skill      XL: |  1  2  3  4  5  6  7 |
---------------+----------------------+-----
Ranged Weapons | 2 3 |  3.7
Shields        | 1 2 3 |  3.7
Fighting       | 2 3 4 |  4.0
Spellcasting   | 3 |  3.9
Dodging        | |  2.4

Action                     |  1- 3 |  4- 6 |  7- 9 || total
---------------------------+-------+-------+-------++-------
  Melee: Spear             |       |    44 |    48 ||    92
   Fire: Sling             |    94 |   201 |    12 ||   307
  Throw: Dart              |       |       |     7 ||     7
   Cast: Slow              |     1 |       |     1 ||     2
         Searing Ray       |       |     5 |     5 ||    10
         Foxfire           |       |    10 |    22 ||    32
    Use: Scroll            |       |       |     1 ||     1
         Potion            |       |       |     1 ||     1
   Stab: Sleeping          |       |     1 |       ||     1
 Armour: Robe              |     8 |    37 |     9 ||    54
  Dodge: Dodged            |    46 |    75 |    26 ||   147
  Block: Buckler           |    10 |    33 |    10 ||    53
